Map: Piattaforma kimerana

Players

LOL - Winner!

  • Race: Zerg Zerg
  • Spawn Location: 6:00

WeskeR - Winner!

  • Race: Terran Terran
  • Spawn Location: 6:00

ELTOLEDANO - Winner!

  • Race: Zerg Zerg
  • Spawn Location: 7:00

Chabaaaaal - Winner!

  • Race: Protoss Protoss
  • Spawn Location: 5:00

Jhyrachy

  • Race: Zerg Zerg
  • League: Gold
  • Spawn Location: 12:00

HANKOU

  • Race: Terran Terran
  • Spawn Location: 12:00

ChickenMike

  • Race: Protoss Protoss
  • Spawn Location: 11:00

cuddles

  • Race: Protoss Protoss
  • Spawn Location: 1:00

VOD

Have the link to the VOD?

Description

Time

  • Played on: April 17, 2016, 4:59 p.m.
  • Length: 18:15
Show
View Real Time Build Order
Export as new Build Order

LOL Zerg - Winner!

Build Orders: Pool First 

Get SALT Encoding   

  12  0:10  Drone x2  
  14  0:31  Spawning Pool  
  14  0:34  Extractor  
  12  0:36  Overlord  
  12  0:41  Drone  
  13  0:45  Drone  
  14  0:53  Extractor  
  14  0:54  Drone  
  14  1:18  Queen  
  16  1:42  Drone  
  16  1:46  Hatchery, Drone  
  17  1:52  Drone  
  18  2:11  Lair  
  18  2:16  Drone  
  18  2:21  Drone  
  20  2:27  Drone  
  21  2:36  Overlord  
  21  2:49  Spine Crawler  
  20  2:56  Spore Crawler  
  19  3:05  Spore Crawler  
  18  3:06  Drone  
  18  3:10  Drone  
  20  3:17  Drone  
  20  3:19  Drone  
  22  3:40  Spire  
  21  3:43  Drone  
  21  3:45  Drone  
  23  3:49  Drone  
  24  3:56  Extractor, Drone  
  24  3:58  Drone  
  24  4:01  Drone  
  26  4:17  Spine Crawler  
  25  4:29  Spine Crawler  
  24  4:34  Spine Crawler  
  23  4:39  Spine Crawler  
  23  4:42  Drone  
  23  4:43  Drone  
  23  4:45  Drone  
  25  4:51  Drone  
  27  5:04  Zerg Flyer Weapons Level 1  
  27  5:06  Mutalisk  
  30  5:07  Mutalisk  
  32  5:15  Drone x2, Extractor  
  32  5:16  Drone  
  34  5:23  Overlord  
  34  5:28  Drone  
  35  5:37  Overlord  
  35  5:42  Drone  
  36  5:44  Overseer  
  36  5:47  Drone x2  
  38  5:56  Mutalisk  
  40  6:02  Drone  
  40  6:03  Drone  
  42  6:06  Drone  
  43  6:12  Mutalisk  
  43  6:17  Drone  
  46  6:22  Mutalisk  
  48  6:27  Mutalisk  
  48  6:29  Mutalisk  
  52  6:34  Overlord  
  52  6:45  Spine Crawler  
  51  6:49  Spine Crawler  
  51  6:50  Mutalisk  
  51  6:53  Mutalisk  
  54  6:59  Zerg Flyer Armor Level 1  
  54  7:00  Mutalisk  
  56  7:11  Mutalisk  
  56  7:15  Drone  
  59  7:17  Drone  
  59  7:21  Overseer  
  60  7:25  Overlord  
  60  7:29  Pneumatized Carapace  
  60  7:37  Overlord  
  60  7:43  Drone  
  61  7:44  Drone  
  62  7:52  Drone x2  
  62  7:53  Drone x2  
  62  7:54  Overlord  
  62  7:55  Drone  
  67  8:05  Mutalisk  
  67  8:06  Mutalisk  
  67  8:07  Mutalisk  
  73  8:18  Spore Crawler  
  72  8:23  Mutalisk x2  
  72  8:24  Mutalisk  
  78  8:27  Overseer  
  78  8:34  Mutalisk  
  78  8:35  Overlord  
  78  8:37  Mutalisk  
  78  8:40  Mutalisk  
  84  8:45  Overlord  
  84  8:52  Zerg Flyer Weapons Level 2, Spine Crawler  
  83  9:03  Spore Crawler  
  83  9:06  Mutalisk x2  
  83  9:07  Mutalisk  
  88  9:18  Mutalisk x2  
  88  9:19  Mutalisk  
  92  10:28  Mutalisk x3  
  92  10:32  Mutalisk  
  92  10:34  Overlord x5  
  100  10:55  Mutalisk  
  100  10:56  Mutalisk  
  104  11:03  Mutalisk x2  
  108  11:08  Zerg Flyer Armor Level 2  
  108  11:18  Infestation Pit  
  108  11:19  Mutalisk  
  108  11:20  Mutalisk  
  95  11:57  Spore Crawler  
  95  12:00  Mutalisk  
  95  12:01  Mutalisk x5  
  106  12:11  Mutalisk  
  106  12:12  Mutalisk  
  110  12:18  Spore Crawler  
  109  12:24  Spore Crawler  
  109  12:27  Spore Crawler  
  109  12:29  Mutalisk x2, Spore Crawler  
  110  12:52  Mutalisk x3  
  116  13:16  Hive  
  116  13:21  Overlord x3  
  116  13:25  Mutalisk x2  
  90  14:29  Mutalisk x4  
  94  14:40  Mutalisk  
  90  14:58  Mutalisk  
  92  15:40  Hatchery  
  91  15:51  Extractor  
  90  16:03  Extractor  
  49  17:18  Drone x2  
  49  17:19  Drone  
  40  17:47  Mutalisk x3  
  40  17:48  Mutalisk x3  
Show
View Real Time Build Order
Export as new Build Order

WeskeR Terran - Winner!

Build Orders: Liberator Opening 

Get SALT Encoding   

  12  0:02  SCV  
  14  0:14  SCV  
  14  0:24  Supply Depot  
  14  0:26  SCV  
  15  0:31  Refinery  
  15  0:47  Barracks  
  15  0:49  SCV  
  16  1:01  SCV  
  17  1:13  SCV  
  18  1:20  Refinery  
  18  1:26  SCV  
  19  1:36  Supply Depot  
  19  1:38  Orbital Command  
  19  2:02  Factory  
  19  2:03  SCV  
  20  2:15  SCV  
  21  2:27  SCV  
  22  2:48  Starport, SCV  
  23  2:53  Factory Tech Lab  
  23  3:01  SCV  
  23  3:05  Starport  
  24  3:16  Widow Mine  
  26  3:28  Starport Reactor  
  26  3:36  Armory  
  26  3:44  Widow Mine  
  26  3:46  Starport Tech Lab  
  26  3:48  Liberator  
  28  4:00  Supply Depot  
  28  4:04  Liberator  
  31  4:23  Supply Depot  
  34  4:45  Supply Depot  
  34  4:53  Liberator  
  34  5:03  Terran Ship Weapons Level 1  
  34  5:08  Supply Depot  
  34  5:09  Fusion Core  
  37  5:42  Command Center  
  37  6:02  Refinery  
  37  6:12  Drilling Claws  
  37  6:14  Advanced Ballistics  
  37  6:41  Liberator  
  37  6:42  Liberator  
  37  7:02  Orbital Command  
  35  7:20  Liberator  
  35  7:22  SCV  
  36  7:26  Liberator  
  36  7:34  SCV  
  43  7:46  SCV  
  44  7:52  SCV  
  45  7:59  SCV  
  45  8:04  SCV  
  45  8:05  Refinery  
  47  8:11  SCV  
  48  8:16  Starport, SCV  
  48  8:19  Terran Vehicle And Ship Armor Level 1  
  49  8:37  Widow Mine  
  51  9:05  Widow Mine  
  53  9:34  Widow Mine  
  55  9:59  Starport Reactor  
  55  10:02  Widow Mine  
  57  10:09  Supply Depot  
  57  10:31  Widow Mine  
  57  10:32  Supply Depot  
  59  10:38  Viking x2  
  59  10:39  Viking x3  
  69  10:54  Supply Depot  
  69  11:08  Terran Ship Weapons Level 2, Viking x2  
  69  11:09  Viking x3  
  79  11:18  Supply Depot  
  79  11:24  Command Center  
  79  11:38  Viking x3  
  79  11:39  Viking x2  
  89  12:08  Viking x3  
  95  12:19  Liberator  
  95  12:21  Liberator x2  
  99  13:02  Liberator  
  99  13:19  Refinery  
  102  13:23  Liberator x4  
  102  13:24  Terran Vehicle And Ship Armor Level 2  
  112  13:45  Liberator  
  115  14:06  Liberator  
  115  14:23  Viking x3  
  124  14:24  Refinery  
  121  15:27  Viking x3  
  125  15:39  Supply Depot  
  125  16:00  Viking x3  
  125  16:02  Supply Depot  
  125  16:24  Supply Depot  
  125  16:47  Supply Depot  
  125  17:11  Supply Depot  
  125  17:35  Supply Depot  
Show
View Real Time Build Order
Export as new Build Order

ELTOLEDANO Zerg - Winner!

Build Orders: Hatch First 

Get SALT Encoding   

  12  0:15  Drone x2  
  14  0:42  Hatchery  
  13  0:46  Drone  
  14  0:51  Extractor  
  14  0:56  Extractor  
  14  0:57  Drone x2  
  14  1:16  Spawning Pool  
  14  1:17  Drone  
  14  1:40  Overlord x2  
  14  1:49  Overlord  
  14  1:57  Drone  
  15  2:03  Drone  
  16  2:17  Zergling x4  
  18  2:25  Metabolic Boost  
  18  2:34  Zergling x2  
  18  2:36  Zergling x2  
  20  2:41  Zergling x2  
  21  2:46  Zergling x2  
  22  3:04  Zergling x6  
  25  3:08  Zergling x2  
  25  3:12  Zergling x2  
  27  3:18  Zergling x2  
  28  3:29  Zergling x2  
  28  3:30  Zergling x2  
  28  3:33  Zergling x2  
  31  3:39  Zergling x2  
  32  3:46  Zergling x2  
  33  3:49  Zergling x2  
  28  5:05  Drone x6  
  28  5:30  Zergling x4  
  28  5:31  Zergling x4  
  26  5:56  Burrow  
  26  6:01  Pneumatized Carapace  
  22  6:41  Extractor  
  22  6:43  Extractor  
  22  6:45  Drone x4  
  22  6:46  Drone x2  
  26  6:48  Lair  
  26  7:11  Drone x4  
  30  7:51  Drone x6  
  36  8:00  Hatchery  
  36  8:05  Spire x2  
  33  8:16  Extractor  
  33  8:17  Extractor  
  33  8:18  Drone x2  
  33  8:19  Drone x2  
  35  8:52  Drone x6, Infestation Pit  
  40  9:17  Drone x3  
  40  9:18  Drone x2  
  45  9:49  Corruptor x2  
  45  9:51  Overlord x5  
  45  9:52  Overlord x2  
  49  10:07  Zerg Flyer Weapons Level 1  
  49  10:09  Zerg Flyer Armor Level 1  
  49  10:16  Overseer x3  
  49  10:19  Corruptor x3  
  49  10:20  Corruptor x3  
  61  10:33  Corruptor x3  
  67  10:49  Corruptor  
  67  10:50  Corruptor x5  
  79  11:12  Corruptor x5  
  79  11:13  Corruptor  
  91  11:35  Corruptor  
  91  11:36  Corruptor x4  
  101  11:42  Corruptor  
  103  12:05  Mutalisk  
  105  12:09  Zerg Flyer Weapons Level 2  
  105  12:10  Zerg Flyer Armor Level 2  
  105  12:14  Overlord x3  
  105  12:15  Overlord x2  
  105  12:22  Overlord  
  105  12:23  Overlord  
  105  12:25  Overlord  
  105  13:09  Corruptor  
  105  13:10  Corruptor x6  
  105  13:11  Corruptor x2  
  123  13:41  Corruptor x3  
  123  13:42  Corruptor x3  
  135  14:10  Mutalisk  
  135  14:11  Mutalisk x7  
  135  14:12  Mutalisk  
  153  14:20  Hive  
  153  14:49  Mutalisk  
  153  14:50  Mutalisk x4  
  163  15:19  Mutalisk x2  
  163  15:20  Mutalisk  
Show
View Real Time Build Order
Export as new Build Order

Chabaaaaal Protoss - Winner!

Build Orders:  

Get SALT Encoding   

  12  0:02  Probe (Chrono Boost)  
  13  0:15  Pylon  
  13  0:24  Probe (Chrono Boost)  
  14  0:35  Probe (Chrono Boost)  
  15  0:40  Gateway  
  15  0:46  Assimilator  
  15  0:49  Probe (Chrono Boost)  
  16  1:00  Probe (Chrono Boost)  
  17  1:08  Forge  
  17  1:14  Probe (Chrono Boost)  
  18  1:18  Pylon  
  18  1:23  Assimilator  
  18  1:26  Probe (Chrono Boost)  
  19  1:42  Photon Cannon  
  19  1:52  Photon Cannon  
  19  2:00  Cybernetics Core  
  19  2:06  Probe (Chrono Boost)  
  20  2:16  Probe (Chrono Boost)  
  21  2:27  Probe (Chrono Boost)  
  22  2:37  Probe (Chrono Boost)  
  22  2:38  Stargate  
  22  2:44  Stargate  
  23  2:51  Pylon  
  23  3:26  Void Ray (Chrono Boost)  
  27  3:34  Nexus  
  31  3:41  Void Ray (Chrono Boost)  
  35  4:12  Void Ray (Chrono Boost)  
  34  4:34  Void Ray (Chrono Boost)  
  38  5:03  Nexus  
  38  5:08  Pylon  
  38  5:27  Void Ray (Chrono Boost)  
  42  5:32  Pylon  
  46  5:38  Void Ray (Chrono Boost)  
  46  5:39  Photon Cannon  
  46  5:45  Photon Cannon  
  46  5:48  Photon Cannon  
  46  5:52  Assimilator  
  46  6:07  Void Ray (Chrono Boost)  
  46  6:11  Protoss Air Weapons Level 1 (Chrono Boost)  
  50  7:00  Probe  
  50  7:06  Void Ray (Chrono Boost)  
  59  7:09  Void Ray (Chrono Boost)  
  59  7:10  Probe  
  59  7:14  Photon Cannon  
  60  7:21  Probe  
  61  7:52  Probe  
  66  8:00  Void Ray (Chrono Boost)  
  66  8:01  Void Ray (Chrono Boost)  
  70  8:20  Assimilator  
  70  8:31  Protoss Air Armor Level 1 (Chrono Boost)  
  70  8:41  Pylon  
  70  8:46  Pylon  
  70  8:50  Pylon  
  70  8:56  Pylon  
  70  8:58  Probe  
  71  9:08  Probe  
  71  9:10  Void Ray (Chrono Boost)  
  71  9:12  Void Ray (Chrono Boost)  
  68  9:19  Probe  
  53  9:29  Probe  
  54  9:49  Stargate  
  54  10:05  Void Ray (Chrono Boost)  
  54  10:06  Void Ray (Chrono Boost)  
  62  10:25  Probe  
  67  10:36  Probe, Void Ray (Chrono Boost)  
  68  10:44  Fleet Beacon  
  68  10:53  Void Ray (Chrono Boost)  
  76  11:08  Void Ray (Chrono Boost)  
  80  11:26  Void Ray (Chrono Boost)  
  80  11:45  Nexus  
  80  11:51  Pylon, Protoss Air Weapons Level 2  
  84  11:56  Void Ray (Chrono Boost)  
  84  12:20  Void Ray (Chrono Boost)  
  88  12:25  Mothership Core  
  94  12:39  Void Ray (Chrono Boost)  
  94  12:58  Probe  
  101  13:08  Probe  
  106  13:13  Void Ray (Chrono Boost)  
  106  13:23  Void Ray (Chrono Boost)  
  110  13:42  Probe  
  111  13:53  Probe  
  112  13:56  Assimilator  
  112  14:02  Assimilator  
  116  14:03  Probe  
  116  14:08  Void Ray (Chrono Boost)  
  121  14:11  Void Ray (Chrono Boost)  
  53  15:14  Void Ray (Chrono Boost)  
  53  15:16  Void Ray (Chrono Boost)  
  53  15:20  Tempest (Chrono Boost)  
  57  15:38  Mothership Core  
  59  15:46  Protoss Air Armor Level 2 (Chrono Boost)  
  63  15:59  Void Ray (Chrono Boost)  
  63  16:03  Tempest (Chrono Boost)  
  73  16:39  Void Ray (Chrono Boost)  
  77  16:45  Tempest (Chrono Boost)  
  81  17:03  Void Ray (Chrono Boost)  
  85  17:20  Tempest  
Show
View Real Time Build Order
Export as new Build Order

Jhyrachy Zerg 

Build Orders: Hatch First 

Get SALT Encoding   

  12  0:02  Drone  
  13  0:14  Drone  
  13  0:20  Extractor  
  13  0:21  Drone x2, Extractor  
  14  0:28  Overlord  
  16  0:54  Drone  
  17  1:00  Hatchery  
  17  1:02  Drone  
  17  1:03  Drone  
  18  1:08  Extractor  
  17  1:16  Drone  
  18  1:30  Spawning Pool  
  17  1:33  Drone x2  
  19  1:41  Overlord  
  19  1:52  Drone  
  20  2:03  Drone  
  21  2:15  Drone  
  22  2:17  Queen x2  
  22  2:20  Drone  
  27  2:23  Drone  
  27  2:26  Drone  
  29  2:34  Drone x2  
  31  2:47  Drone x2  
  33  2:54  Lair  
  33  3:00  Drone x2  
  33  3:04  Extractor  
  34  3:06  Extractor  
  34  3:10  Extractor, Drone x2  
  34  3:17  Overlord x2  
  34  3:47  Drone x4  
  34  3:48  Drone x3  
  41  3:55  Spire  
  40  4:05  Drone  
  40  4:06  Drone x3  
  44  4:18  Spine Crawler x2  
  29  4:42  Queen  
  31  4:47  Spine Crawler  
  31  4:49  Spine Crawler  
  31  4:52  Spine Crawler  
  28  4:55  Spore Crawler  
  27  5:07  Mutalisk  
  27  5:08  Mutalisk x4  
  36  5:24  Spine Crawler  
  30  6:14  Hatchery  
  29  6:37  Overlord  
  29  6:39  Overseer  
  29  7:25  Drone x7  
  36  8:08  Queen  
  38  8:13  Drone  
  38  8:14  Drone x5  
  38  8:16  Overlord  
  44  8:44  Overlord x2  
  44  9:05  Drone x2  
  46  9:10  Drone  
  46  9:11  Drone x5  
  52  9:38  Mutalisk x3  
  52  9:39  Mutalisk x5  
  52  9:41  Overlord x2  
  52  9:42  Overlord  
  68  10:07  Mutalisk x2  
  68  10:08  Mutalisk x4  
  80  10:30  Mutalisk x6  
  92  10:46  Overlord  
  92  10:47  Overlord x3  
  92  11:10  Mutalisk x6  
  92  11:11  Spore Crawler x2  
  102  11:16  Mutalisk x6  
  114  11:27  Spore Crawler  
  105  11:58  Overlord  
  105  11:59  Overlord x3  
  105  12:04  Zerg Flyer Armor Level 1  
  105  12:08  Overlord x2  
  95  12:39  Mutalisk x5  
  95  12:40  Mutalisk x5  
  103  13:58  Zerg Flyer Weapons Level 1  
  103  14:07  Hatchery  
  98  14:32  Queen  
  98  14:33  Queen  
  94  15:08  Queen  
  94  15:09  Queen  
  94  15:42  Queen  
  94  15:44  Queen x2  
  100  16:18  Queen  
  96  16:19  Queen  
  96  16:20  Queen  
Show
View Real Time Build Order
Export as new Build Order

HANKOU Terran 

Build Orders:  

Get SALT Encoding   

  12  0:06  SCV  
  13  0:23  SCV, Supply Depot  
  14  0:35  SCV  
  15  1:00  Barracks  
  15  1:04  Barracks  
  15  1:05  Barracks  
  15  1:08  SCV  
  16  1:13  Supply Depot  
  16  1:20  SCV  
  17  1:32  SCV  
  18  1:42  Refinery  
  18  1:44  SCV  
  19  1:55  Marine x3  
  19  1:56  SCV  
  23  2:10  Supply Depot  
  23  2:13  Marine x3  
  26  2:15  Refinery  
  26  2:31  Marine x3  
  29  2:43  Supply Depot  
  29  2:48  Marine  
  29  2:49  Marine x2  
  32  2:57  Barracks  
  32  2:59  SCV  
  33  3:09  Marine x2  
  33  3:10  Marine  
  36  3:15  SCV  
  37  3:27  SCV  
  37  3:34  Marine x3  
  41  3:52  Barracks Tech Lab  
  41  3:55  Factory  
  41  3:56  Marine  
  41  3:57  Marine x2  
  43  4:24  Marine x2  
  43  4:25  Marine  
  42  4:42  Marine x3  
  42  4:43  Widow Mine  
  47  4:53  Starport  
  47  5:06  Supply Depot  
  47  5:25  Combat Shields  
  47  5:27  Widow Mine, Marine x3  
  52  5:29  Supply Depot  
  52  5:45  Marine x3  
  52  5:47  Liberator  
  55  5:55  Widow Mine  
  57  6:03  Marine x3  
  60  6:53  Marine x3  
  60  6:56  Liberator  
  57  7:10  Marine  
  61  7:17  Command Center  
  61  7:24  Starport  
  61  7:32  Marine x2  
  63  7:41  Supply Depot  
  63  7:45  Liberator, Supply Depot  
  63  8:02  Marine x3  
  63  8:03  Medivac  
  63  8:04  Supply Depot  
  71  8:20  Marine  
  72  8:27  Armory  
  72  8:28  Liberator  
  72  8:32  Marine x2  
  72  8:33  Medivac  
  76  8:36  Marine  
  76  8:38  Marine  
  78  8:47  Engineering Bay  
  81  8:49  Marine  
  82  9:03  Liberator  
  82  9:11  Liberator  
  88  9:34  Terran Ship Weapons Level 1  
  85  11:13  Starport Tech Lab  
  85  11:29  Supply Depot  
  85  11:31  Supply Depot  
  84  11:52  Supply Depot  
  84  11:53  Marine x4  
  88  11:56  Liberator  
  88  12:13  Marine x4  
  95  12:23  Supply Depot  
  95  12:31  Marine  
  96  12:44  Marine, Raven  
  98  13:04  Medivac  
Show
View Real Time Build Order
Export as new Build Order

ChickenMike Protoss 

Build Orders:  

Get SALT Encoding   

  12  0:15  Probe (Chrono Boost)  
  12  0:19  Pylon  
  13  0:23  Assimilator  
  13  0:25  Probe (Chrono Boost)  
  14  1:05  Probe (Chrono Boost)  
  14  1:09  Gateway  
  15  1:16  Probe (Chrono Boost)  
  16  1:20  Nexus  
  16  1:26  Probe (Chrono Boost)  
  16  1:32  Assimilator  
  17  1:37  Probe (Chrono Boost)  
  19  2:22  Probe (Chrono Boost)  
  19  2:31  Cybernetics Core, Pylon  
  19  2:33  Probe (Chrono Boost)  
  19  2:36  Pylon  
  20  2:38  Probe (Chrono Boost)  
  21  2:44  Gateway  
  21  2:47  Probe (Chrono Boost)  
  21  2:48  Probe (Chrono Boost)  
  23  2:57  Probe (Chrono Boost)  
  24  2:59  Probe (Chrono Boost)  
  25  3:09  Probe (Chrono Boost)  
  26  3:17  Probe (Chrono Boost)  
  28  3:20  Probe (Chrono Boost)  
  28  3:24  Stargate  
  28  3:26  Stargate  
  28  3:28  Stargate  
  28  3:30  Probe (Chrono Boost)  
  28  3:31  Probe (Chrono Boost)  
  30  3:36  Assimilator  
  30  3:42  Probe (Chrono Boost)  
  31  3:52  Probe (Chrono Boost)  
  32  4:03  Probe (Chrono Boost)  
  21  4:13  Void Ray  
  15  4:27  Pylon  
  15  4:34  Forge  
  15  4:36  Probe (Chrono Boost)  
  16  4:40  Probe (Chrono Boost)  
  17  4:46  Probe (Chrono Boost)  
  17  4:50  Probe (Chrono Boost)  
  19  4:57  Probe (Chrono Boost)  
  20  5:01  Probe (Chrono Boost)  
  21  5:07  Probe (Chrono Boost)  
  21  5:11  Probe (Chrono Boost)  
  18  5:18  Probe (Chrono Boost)  
  19  5:22  Probe (Chrono Boost)  
  20  5:32  Probe (Chrono Boost)  
  19  5:37  Photon Cannon  
  19  5:40  Photon Cannon  
  19  5:50  Probe (Chrono Boost)  
  19  6:00  Probe (Chrono Boost)  
  20  6:11  Probe (Chrono Boost)  
  21  6:21  Probe (Chrono Boost), Photon Cannon  
  22  6:26  Photon Cannon  
  22  6:29  Pylon  
  22  6:32  Probe (Chrono Boost)  
  23  6:36  Assimilator  
  17  6:53  Pylon  
  17  7:02  Pylon  
  17  7:03  Probe (Chrono Boost)  
  18  7:11  Probe (Chrono Boost)  
  19  7:22  Probe (Chrono Boost)  
  20  7:32  Probe (Chrono Boost)  
  21  7:52  Probe (Chrono Boost)  
  21  7:55  Photon Cannon  
  22  8:03  Probe (Chrono Boost)  
  22  8:04  Probe (Chrono Boost)  
  24  8:15  Probe (Chrono Boost)  
  24  8:16  Probe (Chrono Boost)  
  26  8:28  Probe (Chrono Boost)  
  27  8:39  Probe (Chrono Boost)  
  28  8:44  Probe (Chrono Boost)  
  29  8:49  Probe (Chrono Boost)  
  29  8:55  Probe (Chrono Boost)  
  31  9:00  Probe (Chrono Boost)  
  32  9:05  Probe (Chrono Boost)  
  20  9:36  Probe (Chrono Boost)  
  20  9:46  Probe (Chrono Boost)  
  15  9:55  Void Ray  
  15  9:57  Probe (Chrono Boost), Void Ray  
  24  10:07  Probe (Chrono Boost)  
  25  10:18  Probe (Chrono Boost)  
  26  10:28  Probe (Chrono Boost)  
Show
View Real Time Build Order
Export as new Build Order

cuddles Protoss 

Build Orders:  

Get SALT Encoding   

  12  0:04  Probe (Chrono Boost)  
  13  0:20  Pylon  
  13  0:24  Probe (Chrono Boost)  
  14  0:35  Probe (Chrono Boost)  
  15  0:38  Assimilator  
  15  0:49  Forge  
  15  0:57  Gateway  
  15  1:16  Assimilator  
  15  1:17  Probe (Chrono Boost)  
  16  1:28  Probe (Chrono Boost)  
  17  1:38  Probe (Chrono Boost)  
  18  2:22  Cybernetics Core  
  18  2:26  Pylon  
  19  2:30  Probe (Chrono Boost)  
  19  2:36  Protoss Shields Level 1 (Chrono Boost)  
  19  2:40  Probe  
  20  2:52  Probe  
  21  3:01  Nexus  
  21  3:08  Assimilator  
  21  3:12  Assimilator  
  21  3:18  Photon Cannon  
  21  3:22  Pylon  
  21  3:31  Protoss Air Weapons Level 1  
  21  3:42  Photon Cannon  
  21  3:51  Photon Cannon  
  21  3:58  Photon Cannon  
  21  4:02  Probe  
  22  4:12  Probe  
  22  4:14  Probe  
  24  4:23  Probe  
  24  4:26  Probe  
  26  4:32  Stargate  
  26  4:33  Probe  
  27  4:44  Probe  
  28  4:54  Probe  
  29  5:05  Probe  
  29  5:07  Stargate  
  30  5:14  Photon Cannon  
  30  5:15  Probe  
  31  5:26  Probe  
  32  5:37  Probe  
  32  5:38  Void Ray (Chrono Boost)  
  37  5:47  Probe  
  42  5:58  Probe  
  42  6:01  Void Ray (Chrono Boost)  
  43  6:24  Void Ray (Chrono Boost)  
  47  6:26  Fleet Beacon  
  47  6:33  Stargate  
  47  6:37  Pylon  
  47  6:43  Void Ray (Chrono Boost)  
  51  7:04  Void Ray (Chrono Boost)  
  55  7:25  Pylon  
  61  7:32  Carrier (Chrono Boost)  
  61  7:41  Pylon  
  61  7:42  Pylon  
  61  7:43  Void Ray (Chrono Boost)  
  69  7:44  Pylon  
  69  7:46  Void Ray (Chrono Boost)  
  69  7:48  Protoss Air Weapons Level 2  
  69  8:14  Nexus  
  69  8:18  Assimilator  
  69  8:23  Assimilator  
  69  8:41  Void Ray (Chrono Boost)  
  77  8:46  Void Ray (Chrono Boost)  
  77  8:48  Graviton Catapult  
  30  11:14  Robotics Facility  
  30  12:08  Observer  
  31  12:26  Observer  
  32  12:45  Observer  
Tags
 
Add a new tag
Caveats
  • Supply blocks, unpowered buildings, or Contaminate may cause inaccurate times.
  • Supply counts are checked every 10 seconds.